 Dungeon Crawl Stone Soup version 0.26-a0-498-g0fdccc9 (webtiles) character file.

Game seed: 4226202643431690883

94013 BouncingOnMyBoysDick the Grappler (level 15, -12/140 HPs)
             Began as a Troll Conjurer on Aug 6, 2020.
             Was the Champion of Cheibriados.
             Mangled by a mana viper (16 damage)
             ... on level 2 of the Snake Pit.
             The game lasted 01:54:15 (22615 turns).

BouncingOnMyBoysDick the Grappler (Troll Conjurer) Turns: 22615, Time: 01:54:15

Health: -12/140    AC: 21    Str: 34    XL:     15   Next: 62%
Magic:  11/22      EV:  7    Int: 37    God:    Cheibriados [******]
Gold:   2599       SH:  0    Dex: 27    Spells: 8/18 levels left

rFire    + + .     SeeInvis .     - Unarmed
rCold    . . .     Faith    .   (no shield)
rNeg     . . .     Spirit   .   M - +0 fire dragon scales
rPois    +         Reflect  .   l - +2 hat {Int+3}
rElec    .         Harm     .   a - +2 cloak {rC+}
rCorr    .                      (gloves unavailable)
MR       +....                  (boots unavailable)
Stlth    +.........             r - amulet of regeneration
HPRegen  1.13/turn              d - +4 ring of protection
MPRegen  0.18/turn              b - ring of poison resistance

@: lethally poisoned (-12 -> -13), wereblooded, constricted, very slow
A: large, unfitting armour, beak, claws 3, thin skeletal structure 1, agile 1,
regeneration 1, shaggy fur 1, tough skin 3
a: Bend Time, Temporal Distortion, Slouch, Step From Time, Renounce Religion


You were on level 2 of the Snake Pit.
You worshipped Cheibriados.
Cheibriados was exalted by your worship.
You visited 5 branches of the dungeon, and saw 23 of its levels.
You also visited: Ice Cave and Volcano.

You collected 2718 gold pieces.
You spent 119 gold pieces at shops.

Inventory:

Missiles
 c - 298 stones
 m - 14 silver boomerangs
 o - 146 poisoned darts
 s - 8 boomerangs (quivered)
 x - 6 boomerangs of dispersal
 E - 5 javelins
 K - a throwing net
 Y - 9 curare-tipped darts
Armour
 a - a +2 cloak of cold resistance (worn)
 l - a +2 hat of intelligence (worn)
 M - +0 fire dragon scales (worn)
Jewellery
 b - a ring of poison resistance (right claw)
 d - a +4 ring of protection (left claw)
 r - an amulet of regeneration (around neck)
 B - an uncursed ring of protection from cold
 D - a +4 ring of evasion
Wands
 u - a wand of flame (17)
 v - a wand of polymorph (4)
 N - a wand of digging (3)
 O - a wand of iceblast (10)
 V - a wand of acid (18)
Scrolls
 g - 5 scrolls of magic mapping
 h - 16 scrolls of remove curse
 j - 2 scrolls of immolation
 k - a scroll of enchant armour
 n - 9 scrolls of identify
 t - a scroll of blinking
 w - 19 scrolls of teleportation
 F - a scroll of fog
 G - 4 scrolls of amnesia
 T - 2 scrolls of fear
Potions
 e - 8 potions of curing
 f - 8 potions of mutation
 i - 3 potions of magic
 p - 2 potions of lignification
 q - 7 potions of might
 L - 3 potions of invisibility
 Q - 2 potions of cancellation
 S - 5 potions of brilliance
 U - 3 potions of heal wounds
 W - 3 potions of resistance
Miscellaneous
 A - a tin of tremorstones (3/3)


   Skills:
 - Level 7.0 Fighting
 + Level 14.6 Throwing
 * Level 2.5 Dodging
 - Level 1.0 Stealth
 + Level 14.6 Unarmed Combat
 - Level 2.0 Spellcasting
 - Level 2.9 Conjurations
 - Level 7.0 Transmutations
 * Level 1.8 Earth Magic
 - Level 11.0 Invocations
 * Level 1.4 Evocations


You had 8 spell levels left.
You knew the following spells:

 Your Spells              Type           Power        Failure   Level
a - Magic Dart            Conj           ####         3%          1
b - Apportation           Tloc           #.....       11%         1
c - Passwall              Tmut/Erth      #####...     2%          2
d - Wereblood             Tmut           ######..     1%          2
e - Petrify               Tmut/Erth      #####...     19%         4

Your spell library contained the following spells:

 Spells                   Type           Power        Failure   Level
 Beastly Appendage        Tmut           ######       1%          1
 Searing Ray              Conj           ####..       4%          2
 Sandblast                Erth           ###...       5%          1
 Spider Form              Tmut/Pois      ####......   8%          3
 Animate Skeleton         Necr           #.....       11%         1
 Corona                   Hex            #......      11%         1
 Summon Small Mammal      Summ           #...         11%         1
 Stone Arrow              Conj/Erth      ###...       12%         3
 Blade Hands              Tmut           ######....   17%         5
 Dazzling Flash           Conj/Hex       ##....       19%         3
 Ice Form                 Ice/Tmut       ####....     26%         4
 Fulminant Prism          Conj/Hex       ##........   52%         4
 Iskenderun's Mystic Bla  Conj/Tloc      ##......     52%         4
 Lee's Rapid Deconstruct  Erth           ###.......   82%         5


Dungeon Overview and Level Annotations

Branches:
Dungeon (12/15)            Temple (1/1) D:4            Lair (6/6) D:9
  Swamp (0/4) Lair:3        Snake (2/4) Lair:2        Slime (0/5) Lair:5
    Orc (2/2) D:9             Elf (0/3) Orc:2         IceCv (visited)
Volcano (visited)

Altars:
Cheibriados
Elyvilon
Fedhas
Gozag
Kikubaaqudgha
Makhleb
Sif Muna
Uskayaw
Vehumet
Wu Jian
Xom
Yredelemnul
Zin
The Shining One
Beogh
Jiyva

Shops:
D:6 [=*=}   D:11 *   Orc:2 [}!}

Annotations:
D:7 exclusion: downstairs


Innate Abilities, Weirdness & Mutations

You are too large for most types of armour.
You have claws for hands.
Your natural rate of healing is unusually fast.
You are covered in fur. (AC +1)
You have extremely tough skin. (AC +3)
You have a beak for a mouth.
You have a somewhat thin skeletal structure. (Dex +2, Stealth)
You are agile. (Dex +2)


Message History

The black mamba barely misses you. The flow of time bends around you.
Cheibriados rebukes the anaconda.
The anaconda seems to slow down.
Cheibriados rebukes the black mamba.
The black mamba seems to slow down.
Cheibriados rebukes the mana viper.
The mana viper seems to slow down.
You feel sick. The anaconda bites you!
* * * LOW HITPOINT WARNING * * *
x2 The anaconda constricts you.
The naga sharpshooter gestures wildly while chanting.
The naga sharpshooter magically shoots an arrow.
The arrow hits you!
* * * LOW HITPOINT WARNING * * *
The black mamba barely misses you.
The mana viper bites you but does no damage.
You fail to use your ability.
You feel sick. The anaconda closely misses you. The anaconda constricts you.
The black mamba barely misses you. The mana viper bites you!
You die...

.[........ #......>..
.#.# >......... .#.#
#.........# ....#
.)..####... .N. #
..........# ......
....##....# #N#...#
##........#######SSN(...
.....##.##...)..@SS#
.#.####.........S#....).
##.####...............##
##...............#....#
##...###.#(..#...####.#
.....# #.........# ..
...### ####.......# .
.### ....#...# .#
....##...#


You could see a naga sharpshooter, a salamander, an anaconda (slow), a mana
viper (slow), 3 black mambas and a naga.

Vanquished Creatures
  Jorgrun (Orc:1)
  Rupert (Lair:6)
  Gastronok (Orc:1)
  A nagaraja (Snake:2)
  A frost giant (IceCv)
  An orc warlord (Orc:2)
  A red draconian (Volcano)
  A fire dragon (Lair:6)
  A naga warrior (Snake:2)
  2 hydras
  Harold (D:7)
  2 anacondas (Snake:1)
  9 two-headed ogres
  An ogre mage (Volcano)
  7 death yaks
  A shock serpent (Snake:2)
  A naga sharpshooter (Snake:2)
  4 orc high priests (Orc:2)
  Sonja (D:11)
  Nergalle (Orc:1)
  A naga ritualist (Snake:2)
  Pikel (D:5)
  4 orc knights (Orc:2)
  A lindwurm (Lair:6)
  3 ugly things (D:11)
  A salamander (Snake:2)
  5 orc sorcerers (Orc:2)
  A manticore (D:11)
  16 elephants
  An ice statue (IceCv)
  11 black mambas
  2 molten gargoyles (Lair:6)
  5 naga magi
  A gargoyle (D:11)
  2 centaur skeletons (D:10)
  11 cane toads
  3 rime drakes
  11 komodo dragons
  Maggie (D:10)
  A queen bee (Lair:3)
  A hornet (D:8)
  19 polar bears
  8 trolls
  2 tyrant leeches (Lair:3)
  13 hippogriffs
  Prince Ribbit (D:9)
  Grinder (D:3)
  A wraith (D:11)
  39 yaks
  7 wyverns
  3 fire bats (Orc:1)
  5 basilisks
  A steam dragon (Lair:6)
  A swamp worm (Lair:3)
  8 wargs
  12 nagas
  15 water moccasins
  3 hell hounds (Lair:6)
  8 porcupines
  43 orc warriors
  5 sky beasts
  A black bear (D:11)
  An ice beast (D:7)
  A phantom (D:4)
  A necrophage (D:6)
  14 ogres
  3 centaurs
  18 wolves
  8 crocodiles
  13 bullfrogs
  A gnoll sergeant (D:8)
  A water moccasin zombie (D:7)
  21 wights
  48 killer bees
  2 howler monkeys (D:11)
  An electric eel (Lair:3)
  4 lava snakes (Lair:6)
  10 hounds
  A centaur zombie (D:6)
  2 jellies
  24 orc priests
  A gnoll shaman (D:10)
  27 orc wizards
  3 bullfrog skeletons
  4 iguanas
  11 worker ants
  Ijyb (D:3)
  A hound zombie (D:6)
  3 hound skeletons
  A howler monkey skeleton (D:10)
  14 gnolls
  9 adders
  A shadow imp (D:6)
  2 white imps
  2 ufetubi
  An ooze (D:4)
  2 adder zombies (D:8)
  2 worms
  2 dart slugs (D:1)
  4 leopard geckos
  104 orcs
  2 ball pythons
  7 giant cockroaches
  5 goblins
  9 hobgoblins
  3 quokkas
  11 bats
  6 frilled lizards
  A giant cockroach zombie (D:5)
  8 kobolds
  A leopard gecko zombie (D:6)
  A quokka skeleton (D:8)
  A quokka zombie (D:8)
  9 rats
751 creatures vanquished.

Vanquished Creatures (others)
  An orc priest (Orc:2)
  An orc (Orc:2)
  A fungus (Lair:5)
  5 plants
  A withered plant (D:8)
9 creatures vanquished.

Grand Total: 760 creatures vanquished

Notes
Turn   | Place    | Note
-------+----------+-------------------------------------------
     0 | D:1      | BouncingOnMyBoysDick the Troll Conjurer began the quest for
                  | the Orb.
     0 | D:1      | Reached XP level 1. HP: 16/16 MP: 1/1
   147 | D:1      | Reached XP level 2. HP: 26/26 MP: 2/2
   188 | D:1      | Reached skill level 1 in Unarmed Combat
   197 | D:1      | Reached skill level 1 in Throwing
   589 | D:1      | Reached XP level 3. HP: 32/32 MP: 3/3
  1192 | D:2      | Reached skill level 1 in Fighting
  1290 | D:2      | Reached XP level 4. HP: 41/41 MP: 4/4
  1592 | D:2      | You fall into a shaft and drop 1 floor!
  1640 | D:3      | Reached XP level 5. HP: 28/48 MP: 5/5
  2001 | D:3      | Noticed Ijyb
  2024 | D:3      | Killed Ijyb
  2045 | D:3      | Noticed Grinder
  2046 | D:3      | Paralysed by Grinder for 2 turns
  2053 | D:3      | Paralysed by Grinder for 6 turns
  2067 | D:3      | Paralysed by Grinder for 4 turns
  2075 | D:3      | Killed Grinder
  2075 | D:3      | Reached XP level 6. HP: 41/57 MP: 6/6
  2681 | D:4      | Found a staircase to the Ecumenical Temple.
  2692 | D:4      | Reached XP level 7. HP: 57/66 MP: 7/7
  2696 | Temple   | Entered the Ecumenical Temple
  2724 | Temple   | Became a worshipper of Cheibriados the Contemplative
  2874 | D:4      | Found a shimmering altar of Xom.
  3176 | D:4      | Reached skill level 5 in Unarmed Combat
  3387 | D:5      | Entered Level 5 of the Dungeon
  3472 | D:5      | Reached skill level 5 in Throwing
  3488 | D:5      | Noticed Pikel
  3498 | D:5      | Killed Pikel
  3498 | D:5      | Reached XP level 8. HP: 76/78 MP: 8/8
  3537 | D:5      | Found a glowing golden altar of the Shining One.
  3567 | D:5      | Reached * piety under Cheibriados
  4422 | D:6      | Reached ** piety under Cheibriados
  4560 | D:6      | Found Nuxeys's Gadget Shoppe.
  4648 | D:6      | You fall into a shaft and drop 2 floors!
  4766 | D:6      | Found an opulent altar of Gozag.
  4766 | D:6      | Found Gozag's Platinum Reserve.
  4811 | D:6      | Reached XP level 9. HP: 80/85 MP: 9/9
  4922 | D:6      | Found Cosedwuyv's Jewellery Shop.
  4981 | D:6      | Found Uqimude's Jewellery Emporium.
  5037 | D:6      | Found Cafengei's Antique Armour Emporium.
  5310 | D:6      | Found a burning altar of Makhleb.
  5517 | D:7      | Reached skill level 5 in Fighting
  5558 | D:7      | Reached *** piety under Cheibriados
  6240 | D:8      | Noticed Harold
  6255 | D:8      | Noticed a two-headed ogre
  6285 | D:8      | Paralysed by a hornet for 3 turns
  6288 | D:8      | HP: 3/88 [hornet (3)]
  6289 | D:8      | Gained mutation: Your spells are a little harder to cast,
                  | but a little more powerful. [potion of mutation]
  6289 | D:8      | Gained mutation: You are clumsy. (Dex -2) [potion of
                  | mutation]
  6289 | D:8      | Gained mutation: You have a beak for a mouth. [potion of
                  | mutation]
  6427 | D:8      | Killed a two-headed ogre
  6427 | D:8      | Reached XP level 10. HP: 98/98 MP: 10/10
  6547 | D:7      | Killed Harold
  6659 | D:7      | Reached **** piety under Cheibriados
  6842 | D:8      | Found an ancient bone altar of Kikubaaqudgha.
  6933 | D:8      | Paralysed by a hornet for 3 turns
  6942 | D:8      | Reached skill level 1 in Invocations
  7061 | D:8      | Learned a level 1 spell: Apportation
  7547 | D:9      | Reached skill level 10 in Throwing
  7618 | D:9      | Found a staircase to the Lair.
  7737 | D:9      | Found a staircase to the Orcish Mines.
  7946 | D:9      | Noticed Prince Ribbit
  7955 | D:9      | Killed Prince Ribbit
  8294 | D:10     | Entered Level 10 of the Dungeon
  8299 | D:10     | Noticed Maggie
  8309 | D:10     | Killed Maggie
  8422 | D:10     | Reached ***** piety under Cheibriados
  8446 | D:10     | Noticed a two-headed ogre
  8454 | D:10     | Killed a two-headed ogre
  8454 | D:10     | Reached XP level 11. HP: 101/107 MP: 12/12
  9189 | D:11     | Noticed a purple ugly thing
  9199 | D:11     | Killed a purple ugly thing
  9219 | D:11     | Noticed a brown ugly thing
  9230 | D:11     | Killed a brown ugly thing
  9252 | D:11     | Found a frozen archway.
  9262 | IceCv    | Entered an ice cave
  9266 | IceCv    | Reached skill level 10 in Unarmed Combat
  9305 | IceCv    | Reached skill level 5 in Invocations
  9490 | IceCv    | HP: 1/109 [ice statue/freezing blast (17)]
  9499 | IceCv    | HP: 5/109 [ice beast[an ice statue] (11)]
  9697 | IceCv    | Reached ****** piety under Cheibriados
  9706 | IceCv    | Reached XP level 12. HP: 97/118 MP: 15/15
  9756 | IceCv    | Noticed a frost giant
  9778 | IceCv    | Killed a frost giant
 10340 | D:11     | Found Wiroaf's General Store.
 10362 | D:11     | Bought a scroll of teleportation for 51 gold pieces
 10362 | D:11     | Bought a potion of brilliance for 68 gold pieces
 10663 | D:11     | Noticed Sonja
 10673 | D:11     | Killed Sonja
 11098 | Lair:1   | Entered Level 1 of the Lair of Beasts
 11132 | D:9      | Lost mutation: You are clumsy. (Dex -2) [potion of
                  | mutation]
 11132 | D:9      | Lost mutation: Your spells are a little harder to cast, but
                  | a little more powerful. [potion of mutation]
 11132 | D:9      | Gained mutation: You have a somewhat thin skeletal
                  | structure. (Dex +2, Stealth) [potion of mutation]
 11132 | D:9      | Gained mutation: You are agile. (Dex +2) [potion of
                  | mutation]
 11495 | Lair:1   | Learned a level 2 spell: Passwall
 12554 | Lair:2   | Found a staircase to the Snake Pit.
 13234 | Lair:3   | Noticed a seven-headed hydra
 13241 | Lair:3   | Killed a seven-headed hydra
 13388 | Lair:3   | Reached XP level 13. HP: 124/124 MP: 18/18
 13702 | Lair:3   | Learned a level 2 spell: Wereblood
 13707 | Lair:3   | Learned a level 4 spell: Petrify
 13825 | Lair:3   | Found a staircase to the Swamp.
 14914 | Lair:4   | Reached skill level 1 in Transmutations
 15897 | Lair:5   | Found a viscous altar of Jiyva.
 15897 | Lair:5   | Found a staircase to the Slime Pits.
 16028 | Lair:5   | HP: 4/124 [death yak (11)]
 16479 | Lair:6   | Entered Level 6 of the Lair of Beasts
 16507 | Lair:6   | Reached XP level 14. HP: 62/133 MP: 18/20
 16801 | Lair:6   | Noticed Rupert
 16820 | Lair:6   | Killed Rupert
 17359 | Lair:6   | Reached skill level 10 in Invocations
 17374 | Lair:6   | Reached skill level 5 in Transmutations
 17420 | Lair:6   | Found a large runed translucent door.
 17421 | Lair:6   | Found a large runed translucent door.
 18249 | Orc:1    | Entered Level 1 of the Orcish Mines
 18272 | Orc:1    | Noticed Nergalle
 18280 | Orc:1    | Killed Nergalle
 18404 | Orc:1    | Noticed Gastronok
 18429 | Orc:1    | Killed Gastronok
 18446 | Orc:1    | Noticed Jorgrun
 18455 | Orc:1    | Killed Jorgrun
 18491 | Orc:1    | Found a dark tunnel.
 18500 | Volcano  | Entered a volcano
 19142 | Orc:2    | Entered Level 2 of the Orcish Mines
 19280 | Orc:2    | Found a roughly hewn altar of Beogh.
 19366 | Orc:2    | Reached XP level 15. HP: 108/140 MP: 21/21
 19431 | Orc:2    | Found Men Faet's Gadget Emporium.
 19452 | Orc:2    | Found Huttis's Distillery.
 20243 | Orc:2    | Found a staircase to the Elven Halls.
 20371 | Orc:2    | Noticed an orc warlord
 20386 | Orc:2    | Killed an orc warlord
 20455 | Orc:2    | Found a roughly hewn altar of Beogh.
 20473 | Orc:2    | Found Taoguajoi's Gadget Shoppe.
 20682 | Orc:2    | Found Xapt's Armour Emporium.
 21232 | Snake:1  | Entered Level 1 of the Snake Pit
 22466 | Snake:2  | Reached skill level 1 in Earth Magic
 22482 | Snake:2  | Noticed a nagaraja
 22501 | Snake:2  | Killed a nagaraja
 22501 | Snake:2  | Reached skill level 1 in Evocations
 22614 | Snake:2  | HP: 5/140 [naga sharpshooter/arrow (15)]
 22615 | Snake:2  | Mangled by a mana viper

Illustrated notes

Levels and vault maps discovered:
D:1:      kennysheep_arrival_seaside, layout_loops_corners,
          minmay_worlds_worst_comb
D:2:      layout_loops_ring
D:3:      layout_loops_ring, uniq_grinder, uniq_ijyb
D:4:      minmay_door_path, layout_basic, xom_teletrap_fun,
          minmay_temple_entry_tees
D:5:      layout_gridville, tso_altar, uniq_pikel
D:6:      layout_loops_corners, nicolae_gozag_zags_fifth_avenue, serial_shops,
          shop, shop, nicolae_shop_temple_entry_statues_fountains,
          kennysheep_little_box, makhleb_blood_cavern_becter
D:7:      layout_loops_ring
D:8:      layout_rooms, kiku_gazebo_garden_becter, uniq_harold
D:9:      layout_loops_ring, dpeg_oklobed_lair, orc_0_dummy, uniq_prince_ribbit1
D:10:     layout_loops_cross, uniq_maggie
D:11:     layout_loops_ring, serial_shops, nicolae_shop_crystal,
          portal_ice_cave_entry_pillars_2, uniq_sonja
D:12:     layout_loops_corners
Temple:   eino_narrow_crystal_temple
Lair:1:   layout_regular_city
Lair:2:   layout_chaotic_city, guppyfry_snake_entry_island, grunt_megastairs_3
Lair:3:   regret_index_tunnel_blossom, layout_chaotic_city,
          minmay_swamp_entry_worms, st_stairs_6, serial_bayou_shore_a
Lair:4:   layout_layer_cave
Lair:5:   layout_concentric_octagons, slime_altar_1, lemuel_fruit_fields
Lair:6:   cheibrodos_lair_end_hotspot, layout_long_grid, uniq_rupert
Snake:1:  layout_chambers, lemuel_fruit_tree
Snake:2:  layout_misc_corridors
Orc:1:    layout_caves, nicolae_volcano_entry_batcave, nooodl_orcs_dogs,
          uniq_jorgrun, uniq_nergalle, uniq_gastronok
Orc:2:    pubby_orc_utopia

Skill      XL: |  1  2  3  4  5  6  7  8  9 10 11 12 13 14 15 |
---------------+----------------------------------------------+-----
Unarmed Combat | 1 2 4 5 6 7 9 10 12 13 14 | 14.6
Throwing       | 1 2 3 4 6 7 9 10 11 12 13 14 | 14.6
Fighting       | 1 2 3 4 5 6 7 |  7.0
Invocations    | 3 6 8 9 10 11 | 11.0
Transmutations | 3 6 7 |  7.0
Spellcasting   | 2 |  2.0
Dodging        | 2 |  2.5
Earth Magic    | 1 |  1.8
Evocations     | 1 |  1.4
Stealth        | |  1.0
Conjurations   | |  2.9

Action                   |  1- 3 |  4- 6 |  7- 9 | 10-12 | 13-15 || total
-------------------------+-------+-------+-------+-------+-------++-------
Melee: Unarmed           |   110 |   181 |   249 |   522 |   759 ||  1821
       Punch             |       |       |    11 |    45 |    78 ||   134
       Peck              |       |       |       |   151 |   288 ||   439
Throw: Stone             |    30 |    28 |   214 |   172 |   293 ||   737
       Dart              |       |     2 |     2 |    21 |    23 ||    48
       Boomerang         |       |       |     5 |    66 |   247 ||   318
       Throwing net      |       |       |     1 |     1 |       ||     2
       Javelin           |       |       |       |       |    15 ||    15
 Cast: Magic Dart        |       |       |     1 |       |       ||     1
       Wereblood         |       |       |       |       |    23 ||    23
       Passwall          |       |       |       |       |     1 ||     1
Invok: Bend Time         |       |       |     2 |     4 |     4 ||    10
Evoke: Wand              |       |       |       |     1 |     2 ||     3
       Tin of tremorston |       |       |       |       |     3 ||     3
  Use: Scroll            |       |       |     6 |    22 |     3 ||    31
       Potion            |       |       |     1 |     4 |       ||     5
 Stab: Sleeping          |     1 |       |     3 |       |       ||     4
       Distracted        |       |       |       |     1 |       ||     1
Armor: Robe              |    68 |    70 |    76 |    37 |       ||   251
       Skin              |       |     2 |       |    20 |       ||    22
       Fire dragon scale |       |       |       |   179 |   422 ||   601
       Troll leather arm |       |       |       |    41 |       ||    41
Dodge: Dodged            |    62 |    72 |   120 |   414 |   494 ||  1162

Table legend: (Time is in decaauts)
 A = Elapsed time spent in this place.
 B = Non-inter-level travel time spent in this place.
 C = Inter-level travel time spent in this place.
 D = Time resting spent in this place.
 E = Time spent auto-exploring this place.
 F = Levels seen in this place.
 G = Mean time per level.
                   A        B        C        D        E       F      G
               +--------+--------+--------+--------+--------+-----+--------+
         Total |  33494 |  30483 |   3011 |   1118 |  23811 |  25 | 1339.8 |
       Dungeon |  13438 |  12108 |   1330 |    506 |   9224 |  12 | 1119.8 |
        Temple |     36 |     17 |     19 |      0 |     15 |   1 |   36.0 |
          Lair |  11600 |  10157 |   1443 |    269 |   8633 |   6 | 1933.3 |
     Snake Pit |   2354 |   2321 |     33 |     99 |   2043 |   2 | 1177.0 |
  Orcish Mines |   4185 |   4001 |    184 |      2 |   2885 |   2 | 2092.5 |
      Ice Cave |   1459 |   1459 |      0 |    240 |    666 |   1 | 1459.0 |
       Volcano |    420 |    420 |      0 |      0 |    343 |   1 |  420.0 |
               +--------+--------+--------+--------+--------+-----+--------+

Top non-repeatable levels by time:
   Orc:2: 3088 daAuts
  Lair:4: 2395 daAuts
  Lair:6: 2174 daAuts
  Lair:3: 2099 daAuts
 Snake:1: 1918 daAuts
  Lair:2: 1885 daAuts
     D:9: 1759 daAuts
     D:7: 1697 daAuts
  Lair:1: 1664 daAuts
   IceCv: 1459 daAuts
    D:10: 1389 daAuts
  Lair:5: 1380 daAuts
    D:11: 1370 daAuts
     D:6: 1327 daAuts
     D:5: 1219 daAuts
